[Event "4NCL Team Rapidplay"]
[Site "Daventry"]
[Date "2013.10.05"]
[Round "3.7"]
[White "Holmes, Richard"]
[Black "Rogers, Jonathan"]
[Result "0-1"]
[ECO "D05"]
[WhiteElo "2270"]
[BlackElo "2307"]
[PlyCount "110"]
[EventDate "2013.10.05"]
[EventType "team-swiss (rapid)"]
[EventRounds "7"]
[EventCountry "ENG"]
[WhiteTeam "SMPS"]
[BlackTeam "Barbican"]
[WhiteTeamCountry "ENG"]
[BlackTeamCountry "ENG"]
[TimeControl "900+185"]
[WhiteClock "0:00:25"]
[BlackClock "0:02:24"]

1. d4 Nf6 2. Nf3 e6 3. e3 d5 4. Bd3 Nbd7 5. O-O b6 6. b3 Bb7 7. Bb2 Be7 8. Ne5
Nxe5 9. dxe5 Nd7 10. Qh5 g6 11. Qh6 Bf8 12. Qf4 Bg7 13. Nd2 O-O 14. Nf3 c5 15.
c4 dxc4 16. Bxc4 Bxf3 17. Qxf3 Nxe5 18. Bxe5 Bxe5 19. Rfd1 Qc7 20. Rac1 Bxh2+
21. Kf1 Be5 22. Ke2 Bg7 23. g4 Rad8 24. g5 Qe5 25. Qg4 Qb2+ 26. Kf3 Qe5 27. Kg2
Qf5 28. Qh4 h5 29. gxh6 Bf6 30. Qg3 Qe4+ 31. Kg1 Kh7 32. Rxd8 Rxd8 33. Qc7 Rf8
34. Bf1 Kxh6 35. Rc4 Qe5 36. Qxa7 Kg7 37. Bg2 Rh8 38. Rc1 Bg5 39. Re1 Qc3 40.
Kf1 Rh2 41. Qb7 Qd3+ 42. Kg1 Rh8 43. Bf3 Qd2 44. Rd1 Qxa2 45. Rd7 Rf8 46. Qxb6
Qc2 47. Qxe6 Bh4 48. Qe5+ Kg8 49. Qh2 Qf5 50. Rc7 Bd8 51. Be4 Qg4+ 52. Bg2 Bxc7
53. Qxc7 Ra8 54. Qxc5 Ra1+ 55. Kh2 Qh4+ 0-1

[Event "4NCL Team Rapidplay"]
[Site "Daventry"]
[Date "2013.10.05"]
[Round "3.8"]
[White "Sanders, Isaac"]
[Black "Benjamin, Martin"]
[Result "1/2-1/2"]
[ECO "C47"]
[WhiteElo "2269"]
[BlackElo "2040"]
[PlyCount "101"]
[EventDate "2013.10.05"]
[EventType "team-swiss (rapid)"]
[EventRounds "7"]
[EventCountry "ENG"]
[WhiteTeam "Barbican"]
[BlackTeam "SMPS"]
[WhiteTeamCountry "ENG"]
[BlackTeamCountry "ENG"]
[TimeControl "900+155"]
[WhiteClock "0:00:30"]
[BlackClock "0:00:53"]

1. e4 e5 2. Nf3 Nf6 3. Nc3 Nc6 4. d4 exd4 5. Nxd4 Bc5 6. Nxc6 bxc6 7. Bd3 d5 8.
exd5 cxd5 9. O-O O-O 10. Bg5 c6 11. Qf3 Bd6 12. h3 h6 13. Bh4 Rb8 14. Rab1 Be6
15. Ne2 Be5 16. b3 Qc7 17. Rbe1 Nd7 18. Ng3 Bf6 19. Bxf6 Nxf6 20. Nf5 Bxf5 21.
Qxf5 Rfe8 22. c4 Qa5 23. Rxe8+ Rxe8 24. cxd5 cxd5 25. Bb1 Qd2 26. Qd3 Qa5 27.
g3 Re1 28. Kg2 Rxf1 29. Kxf1 g6 30. Qe3 Kg7 31. Qd4 Qa3 32. Kg2 Qc1 33. Bd3 Qd2
34. a4 a5 35. Qe3 Qxe3 36. fxe3 Ne4 37. Bxe4 dxe4 38. Kf2 Kf6 39. Ke2 Ke5 40.
Kd2 Kd5 41. Kc3 Kc5 42. h4 f5 43. Kc2 g5 44. hxg5 hxg5 45. Kc3 Kd5 46. Kd2 Kc6
47. Kc2 Kd6 48. Kd1 Kc6 49. Kc2 Kd6 50. Kb2 Kc6 51. Kc2 1/2-1/2

[Event "4NCL Team Rapidplay"]
[Site "Daventry"]
[Date "2013.10.05"]
[Round "3.2"]
[White "Sands, David"]
[Black "Lunn, Matthew"]
[Result "1/2-1/2"]
[ECO "E73"]
[WhiteElo "2243"]
[BlackElo "2045"]
[PlyCount "86"]
[EventDate "2013.10.05"]
[EventType "team-swiss (rapid)"]
[EventRounds "7"]
[EventCountry "ENG"]
[WhiteTeam "Barbican II"]
[BlackTeam "CSC"]
[WhiteTeamCountry "ENG"]
[BlackTeamCountry "ENG"]
[TimeControl "900+175"]
[WhiteClock "0:00:55"]
[BlackClock "0:00:38"]

1. d4 Nf6 2. c4 g6 3. Nc3 Bg7 4. e4 d6 5. Be2 O-O 6. Bg5 Nbd7 7. Qd2 c5 8. Nf3
a6 9. O-O cxd4 10. Nxd4 Nc5 11. f3 a5 12. Kh1 Bd7 13. b3 Re8 14. Rab1 Ne6 15.
Be3 Nxd4 16. Bxd4 Bc6 17. Rfd1 Nd7 18. Be3 Nc5 19. Bf1 Qc7 20. Ne2 Rad8 21. Nd4
e6 22. Qf2 Na6 23. Rbc1 Rb8 24. Rd2 Red8 25. Bg5 Rd7 26. Qh4 a4 27. Bf6 Bxf6
28. Qxf6 Qd8 29. Qxd8+ Rdxd8 30. Rcd1 axb3 31. axb3 Nc5 32. b4 Na4 33. Rc2 Be8
34. Kg1 Rbc8 35. Rdc1 Nb6 36. Kf2 Kf8 37. Ke3 Ke7 38. Bd3 Rc7 39. Ra1 Rdc8 40.
Ra7 Nxc4+ 41. Rxc4 Rxc4 42. Bxc4 Rxc4 43. Rxb7+ Kf6 1/2-1/2

[Event "4NCL Team Rapidplay"]
[Site "Daventry"]
[Date "2013.10.05"]
[Round "3.3"]
[White "Chan, Nevil"]
[Black "Hodgson, John H"]
[Result "0-1"]
[ECO "D01"]
[WhiteElo "2027"]
[BlackElo "2150"]
[PlyCount "128"]
[EventDate "2013.10.05"]
[EventType "team-swiss (rapid)"]
[EventRounds "7"]
[EventCountry "ENG"]
[WhiteTeam "CSC"]
[BlackTeam "Barbican II"]
[WhiteTeamCountry "ENG"]
[BlackTeamCountry "ENG"]
[TimeControl "900+140"]
[WhiteClock "0:00:16"]
[BlackClock "0:02:36"]

1. d4 Nf6 2. Nc3 d5 3. Bg5 Nbd7 4. Nf3 c6 5. e3 Qa5 6. a3 Ne4 7. b4 Nxc3 8. Qd3
Qc7 9. Qxc3 Nf6 10. Bxf6 exf6 11. Bd3 Bd6 12. h3 O-O 13. O-O Bd7 14. Qd2 b5 15.
c3 a5 16. Bc2 f5 17. Rfd1 Rfe8 18. Ne1 f4 19. exf4 Bxf4 20. Qd3 g6 21. Qf3 Bd6
22. Bd3 Re7 23. Nc2 Rae8 24. Re1 Qd8 25. Rxe7 Rxe7 26. Re1 Rxe1+ 27. Nxe1 axb4
28. axb4 Qg5 29. Kf1 Kg7 30. Qe2 Qf4 31. Qf3 Qc1 32. Bc2 Bf4 33. Qd1 Qxd1 34.
Bxd1 Bd2 35. Bg4 Bxg4 36. hxg4 Bxc3 37. Nc2 Bd2 38. Ke2 Bf4 39. Ne1 Bd6 40. Nd3
Kf6 41. f4 h5 42. gxh5 gxh5 43. Kf3 Kf5 44. g3 f6 45. Ke3 Kg4 46. Kf2 Bc7 47.
Nc5 h4 48. gxh4 Bxf4 49. Ne6 Bg3+ 50. Ke2 Bxh4 51. Nd8 f5 52. Nxc6 Bf6 53. Na7
Bxd4 54. Nxb5 Be5 55. Na7 f4 56. Nc6 f3+ 57. Kf2 Bc7 58. Ne7 Bb6+ 59. Kf1 d4
60. Nd5 Ba7 61. b5 d3 62. Nc3 d2 63. Nd1 Kf4 64. b6 Bxb6 0-1

[Event "4NCL Team Rapidplay"]
[Site "Daventry"]
[Date "2013.10.05"]
[Round "3.5"]
[White "Pitcher, John"]
[Black "Healey, Michael W"]
[Result "0-1"]
[ECO "C55"]
[WhiteElo "2246"]
[BlackElo "2091"]
[PlyCount "82"]
[EventDate "2013.10.05"]
[EventType "team-swiss (rapid)"]
[EventRounds "7"]
[EventCountry "ENG"]
[WhiteTeam "Warwickshire Select"]
[BlackTeam "Oxford"]
[WhiteTeamCountry "ENG"]
[BlackTeamCountry "ENG"]
[TimeControl "900+100"]
[WhiteClock "0:00:29"]
[BlackClock "0:02:41"]

1. e4 e5 2. Bc4 Nf6 3. d3 Nc6 4. Nf3 Be7 5. O-O O-O 6. Re1 d6 7. a4 h6 8. Nbd2
Nh7 9. Nf1 Be6 10. Ne3 Ng5 11. Nf5 Bxf5 12. Bxg5 Bxg5 13. exf5 Qf6 14. a5 a6
15. Bd5 Qxf5 16. Be4 Qf6 17. c3 Rab8 18. Ra4 Qd8 19. Bxc6 bxc6 20. Qe2 f5 21.
Rc4 c5 22. b4 Rb5 23. Nxg5 Qxg5 24. h4 Qf6 25. Qf3 e4 26. dxe4 Qxh4 27. g3 Qe7
28. Rd1 Qf7 29. Qe2 f4 30. bxc5 Rxa5 31. e5 dxe5 32. gxf4 exf4 33. Qe4 f3 34.
Qd5 Ra2 35. Qxf7+ Rxf7 36. c6 Rf6 37. Rd8+ Kh7 38. Rdd4 h5 39. Rc5 Rg6+ 40. Kh1
Ra1+ 41. Kh2 Rg2+ 0-1

[Event "4NCL Team Rapidplay"]
[Site "Daventry"]
[Date "2013.10.05"]
[Round "4.2"]
[White "Josse, Mark"]
[Black "Smerdon, David"]
[Result "0-1"]
[ECO "A56"]
[WhiteElo "2173"]
[BlackElo "2523"]
[PlyCount "76"]
[EventDate "2013.10.05"]
[EventType "team-swiss (rapid)"]
[EventRounds "7"]
[EventCountry "ENG"]
[WhiteTeam "SMPS"]
[BlackTeam "Guildford"]
[WhiteTeamCountry "ENG"]
[BlackTeamCountry "ENG"]
[TimeControl "900+160"]
[WhiteClock "0:00:17"]
[BlackClock "0:00:52"]

1. d4 Nf6 2. c4 c5 3. d5 e5 4. Nc3 d6 5. e4 Nbd7 6. Bd3 Be7 7. Nge2 Nf8 8. h4
h5 9. g3 a6 10. f3 N6h7 11. Be3 g5 12. hxg5 Nxg5 13. Ng1 h4 14. f4 Ngh7 15. f5
Rg8 16. g4 Bg5 17. Bf2 Bf4 18. Bxh4 Qa5 19. Nh3 Be3 20. Qe2 Bd4 21. Rc1 Bd7 22.
a3 b5 23. cxb5 axb5 24. g5 c4 25. Bb1 b4 26. axb4 Qxb4 27. Rh2 Ra1 28. Kf1 Rh8
29. Ng1 Qb6 30. Bf2 Rg8 31. Qxc4 Bxf2 32. Rxf2 Rxg5 33. Nf3 Rh5 34. Ke2 Nf6 35.
Rg1 Rh3 36. b4 Nh5 37. Rg4 Rxb1 38. Kd2 Qxf2+ 0-1

[Event "4NCL Team Rapidplay"]
[Site "Daventry"]
[Date "2013.10.05"]
[Round "4.3"]
[White "Hebden, Mark"]
[Black "Holmes, Richard"]
[Result "1-0"]
[ECO "D00"]
[WhiteElo "2548"]
[BlackElo "2270"]
[PlyCount "62"]
[EventDate "2013.10.05"]
[EventType "team-swiss (rapid)"]
[EventRounds "7"]
[EventCountry "ENG"]
[WhiteTeam "Guildford"]
[BlackTeam "SMPS"]
[WhiteTeamCountry "ENG"]
[BlackTeamCountry "ENG"]
[TimeControl "900+120"]
[WhiteClock "0:05:48"]
[BlackClock "0:00:19"]

1. d4 Nf6 2. Nf3 g6 3. Nc3 d5 4. Bf4 Bg7 5. Qd2 Ne4 6. Nxe4 dxe4 7. Ne5 Nd7 8.
Nxd7 Qxd7 9. e3 O-O 10. Qb4 b6 11. Rd1 Bb7 12. Bb5 c6 13. Be2 Rac8 14. O-O Rfd8
15. a4 e6 16. c3 Qd5 17. a5 Bf8 18. Qa4 b5 19. Qa1 a6 20. b4 Qf5 21. h3 h5 22.
f3 exf3 23. Bxf3 g5 24. Be5 Qg6 25. Qb1 f5 26. g4 hxg4 27. hxg4 Bd6 28. gxf5
exf5 29. Bxd6 Rxd6 30. e4 Rf6 31. exf5 Rxf5 1-0

[Event "4NCL Team Rapidplay"]
[Site "Daventry"]
[Date "2013.10.05"]
[Round "4.4"]
[White "Benjamin, Martin"]
[Black "Wall, Gavin"]
[Result "0-1"]
[ECO "A81"]
[WhiteElo "2040"]
[BlackElo "2333"]
[PlyCount "132"]
[EventDate "2013.10.05"]
[EventType "team-swiss (rapid)"]
[EventRounds "7"]
[EventCountry "ENG"]
[WhiteTeam "SMPS"]
[BlackTeam "Guildford"]
[WhiteTeamCountry "ENG"]
[BlackTeamCountry "ENG"]
[TimeControl "900+130"]
[WhiteClock "0:00:52"]
[BlackClock "0:03:18"]

1. Nf3 d6 2. d4 f5 3. g3 Nf6 4. Bg2 g6 5. b3 Bg7 6. Bb2 O-O 7. Nbd2 c6 8. O-O
Na6 9. Re1 h6 10. e4 fxe4 11. Nxe4 Nxe4 12. Rxe4 Bf5 13. Re2 g5 14. Qe1 Rf7 15.
c3 Qd7 16. Nd2 Raf8 17. Be4 Nc7 18. Bxf5 Qxf5 19. f3 Nd5 20. Rc1 Qd3 21. Rf2
Qa6 22. a3 b5 23. Qe2 Qb6 24. Kg2 a5 25. Nf1 b4 26. axb4 axb4 27. c4 Nc3 28.
Bxc3 bxc3 29. d5 cxd5 30. cxd5 Qxb3 31. Qd3 Rc8 32. Ne3 Rc5 33. Rb1 Qa4 34.
Rb8+ Rf8 35. Rxf8+ Kxf8 36. Qg6 Qe8 37. Qd3 Qa8 38. Qg6 Qe8 39. Qd3 Qf7 40. Rc2
Kg8 41. Qe4 Qf6 42. Qd3 Qd4 43. Qxd4 Bxd4 44. Nf5 Bf6 45. Nxh6+ Kg7 46. Nf5+
Kf7 47. Ne3 e6 48. dxe6+ Kxe6 49. Kf1 d5 50. Ke2 Ra5 51. Kd3 Ra1 52. Ng4 Bg7
53. f4 gxf4 54. gxf4 d4 55. Nf2 Kf5 56. h4 Kxf4 57. h5 Kg5 58. Ne4+ Kxh5 59.
Nd6 Rd1+ 60. Kc4 d3 61. Rxc3 Bxc3 62. Kxc3 Kg4 63. Ne4 Kf3 64. Nc5 Ke3 65. Nb3
d2 66. Kc2 Rh1 0-1

[Event "4NCL Team Rapidplay"]
[Site "Daventry"]
[Date "2013.10.05"]
[Round "4.6"]
[White "Mayhew, Andrew"]
[Black "Sands, David"]
[Result "1/2-1/2"]
[ECO "D78"]
[WhiteElo "2058"]
[BlackElo "2243"]
[PlyCount "59"]
[EventDate "2013.10.05"]
[EventType "team-swiss (rapid)"]
[EventRounds "7"]
[EventCountry "ENG"]
[WhiteTeam "RSJ"]
[BlackTeam "Barbican II"]
[WhiteTeamCountry "ENG"]
[BlackTeamCountry "ENG"]
[TimeControl "900+130"]
[WhiteClock "0:01:08"]
[BlackClock "0:00:43"]

1. d4 d5 2. c4 dxc4 3. Nf3 Nf6 4. Nc3 c6 5. g3 Nbd7 6. Bg2 g6 7. O-O Bg7 8. a4
O-O 9. e4 Qa5 10. Qe2 e5 11. Nxe5 Nxe5 12. dxe5 Qxe5 13. f4 Qe7 14. e5 Nd7 15.
Be3 f6 16. Qxc4+ Kh8 17. e6 Re8 18. Bh3 f5 19. Rfe1 Qxe6 20. Bd4 Qxc4 21. Rxe8+
Qg8 22. Bxg7+ Kxg7 23. Rxg8+ Kxg8 24. Rd1 Kf7 25. Bf1 Ke7 26. Re1+ Kd8 27. Rd1
Ke7 28. Re1+ Kd8 29. Rd1 Ke7 30. Re1+ 1/2-1/2

[Event "4NCL Team Rapidplay"]
[Site "Daventry"]
[Date "2013.10.05"]
[Round "4.7"]
[White "Hodgson, John H"]
[Black "Snape, Ian L"]
[Result "1/2-1/2"]
[ECO "B07"]
[WhiteElo "2150"]
[BlackElo "2218"]
[PlyCount "97"]
[EventDate "2013.10.05"]
[EventType "team-swiss (rapid)"]
[EventRounds "7"]
[EventCountry "ENG"]
[WhiteTeam "Barbican II"]
[BlackTeam "RSJ"]
[WhiteTeamCountry "ENG"]
[BlackTeamCountry "ENG"]
[TimeControl "900+75"]
[WhiteClock "0:02:07"]
[BlackClock "0:00:43"]

1. e4 d6 2. d4 Nf6 3. Nc3 Nbd7 4. g4 h6 5. h3 e5 6. Nge2 c6 7. Be3 exd4 8. Nxd4
d5 9. exd5 cxd5 10. Bg2 Nb6 11. O-O Be7 12. Qd3 O-O 13. Rad1 Nc4 14. Bc1 Ne5
15. Qe2 Nc6 16. Be3 Re8 17. a3 Nxd4 18. Bxd4 Bd7 19. Qd2 Bc6 20. Rfe1 Qd7 21.
Re2 a6 22. Rde1 Rac8 23. b4 Nh7 24. f4 Bb5 25. Nxb5 axb5 26. Qd3 Bh4 27. Rxe8+
Rxe8 28. Rxe8+ Qxe8 29. Bf2 Bxf2+ 30. Kxf2 Nf6 31. Bxd5 Qb8 32. Kf3 Qa7 33. c4
bxc4 34. Bxc4 Qb6 35. b5 Kf8 36. a4 Qc5 37. a5 g5 38. fxg5 hxg5 39. a6 bxa6 40.
bxa6 Qc7 41. Qd4 Qe7 42. a7 Qa3+ 43. Bd3 Ne8 44. Ke2 Qa2+ 45. Ke3 Qa5 46. Be4
Qe1+ 47. Kd3 Qd1+ 48. Kc3 Qa1+ 49. Kd3 1/2-1/2

[Event "4NCL Team Rapidplay"]
[Site "Daventry"]
[Date "2013.10.05"]
[Round "4.8"]
[White "Talsma, Paul"]
[Black "Bhatia, Kanwal K"]
[Result "0-1"]
[ECO "A57"]
[WhiteElo "2192"]
[BlackElo "2039"]
[PlyCount "62"]
[EventDate "2013.10.05"]
[EventType "team-swiss (rapid)"]
[EventRounds "7"]
[EventCountry "ENG"]
[WhiteTeam "RSJ"]
[BlackTeam "Barbican II"]
[WhiteTeamCountry "ENG"]
[BlackTeamCountry "ENG"]
[TimeControl "900+175"]
[BlackClock "0:00:14"]

1. d4 Nf6 2. c4 c5 3. d5 b5 4. cxb5 a6 5. f3 g6 6. e4 Bg7 7. e5 Ng8 8. f4 d6 9.
Nf3 Nh6 10. Nc3 O-O 11. bxa6 Nxa6 12. Bc4 Bg4 13. O-O Nf5 14. h3 Bxf3 15. Qxf3
Nd4 16. Qf2 dxe5 17. fxe5 Bxe5 18. Bh6 Nf5 19. Qd2 Bd4+ 20. Kh2 Nxh6 21. Qxh6
Bg7 22. Qh4 Qd6+ 23. Kh1 Nc7 24. Ne4 Qe5 25. Ng5 h6 26. Nxf7 Rxf7 27. d6 Nd5
28. Rxf7 Kxf7 29. Re1 Qxd6 30. Rxe7+ Kf8 31. Re2 Kf7 0-1

[Event "4NCL Team Rapidplay"]
[Site "Daventry"]
[Date "2013.10.05"]
[Round "4.2"]
[White "Healey, Michael W"]
[Black "Cox, John"]
[Result "0-1"]
[ECO "C47"]
[WhiteElo "2091"]
[BlackElo "2387"]
[PlyCount "64"]
[EventDate "2013.10.05"]
[EventType "team-swiss (rapid)"]
[EventRounds "7"]
[EventCountry "ENG"]
[WhiteTeam "Oxford"]
[BlackTeam "Barbican"]
[WhiteTeamCountry "ENG"]
[BlackTeamCountry "ENG"]
[TimeControl "900+135"]
[WhiteClock "0:02:13"]
[BlackClock "0:05:47"]

1. e4 e5 2. Nf3 Nc6 3. Nc3 Nf6 4. a3 d6 5. h3 g6 6. Bc4 Bg7 7. d3 Be6 8. Bxe6
fxe6 9. Bg5 h6 10. Bd2 Qe7 11. Qe2 Nh5 12. O-O-O O-O-O 13. g4 Nf6 14. Rhg1 Nd7
15. Rg3 Rhf8 16. g5 h5 17. Nh4 Nd4 18. Qf1 Qf7 19. Be3 Nc5 20. Re1 Rg8 21. Ne2
Nxe2+ 22. Qxe2 Bf8 23. Bxc5 dxc5 24. Rf3 Qd7 25. Rg1 Be7 26. Rf7 Bxg5+ 27. Rxg5
Qxf7 28. Qe3 b6 29. Qg3 Qf6 30. f3 Kb7 31. b3 Rdf8 32. Qg2 Qf4+ 0-1

[Event "4NCL Team Rapidplay"]
[Site "Daventry"]
[Date "2013.10.05"]
[Round "4.3"]
[White "Rogers, Jonathan"]
[Black "Dickinson, Tim"]
[Result "1-0"]
[ECO "E06"]
[WhiteElo "2307"]
[BlackElo "2122"]
[PlyCount "47"]
[EventDate "2013.10.05"]
[EventType "team-swiss (rapid)"]
[EventRounds "7"]
[EventCountry "ENG"]
[WhiteTeam "Barbican"]
[BlackTeam "Oxford"]
[WhiteTeamCountry "ENG"]
[BlackTeamCountry "ENG"]
[TimeControl "900+60"]
[WhiteClock "0:10:15"]
[BlackClock "0:04:57"]

1. d4 Nf6 2. Nf3 e6 3. c4 d5 4. g3 c6 5. Nbd2 Be7 6. Bg2 O-O 7. O-O Ne4 8. Nxe4
dxe4 9. Ne5 f6 10. Ng4 f5 11. Ne5 Nd7 12. Nxd7 Bxd7 13. f3 exf3 14. Bxf3 Qb6
15. c5 Qd8 16. b4 Bf6 17. Bb2 Qe7 18. Qb3 Kh8 19. Bg2 Rae8 20. Rae1 g6 21. e4
fxe4 22. Rxe4 Qg7 23. Ref4 e5 24. dxe5 1-0

[Event "4NCL Team Rapidplay"]
[Site "Daventry"]
[Date "2013.10.05"]
[Round "4.5"]
[White "Sowray, Peter J"]
[Black "Hunt, Peter"]
[Result "1-0"]
[ECO "A43"]
[WhiteElo "2335"]
[BlackElo "2072"]
[PlyCount "75"]
[EventDate "2013.10.05"]
[EventType "team-swiss (rapid)"]
[EventRounds "7"]
[EventCountry "ENG"]
[WhiteTeam "CSC II"]
[BlackTeam "MK Phoenix"]
[WhiteTeamCountry "ENG"]
[BlackTeamCountry "ENG"]
[TimeControl "900+100"]
[WhiteClock "0:04:42"]
[BlackClock "0:09:26"]

1. d4 c5 2. d5 f5 3. Nc3 Nf6 4. e4 fxe4 5. g4 d6 6. g5 Ng4 7. Bb5+ Bd7 8. Qxg4
Bxb5 9. Nxb5 Nd7 10. Qxe4 Qa5+ 11. Nc3 g6 12. Nge2 Bg7 13. Bf4 Be5 14. Bxe5
Nxe5 15. f4 Nd7 16. O-O Rf8 17. a3 a6 18. Ng3 Qc7 19. a4 Rf7 20. a5 b5 21. axb6
Nxb6 22. Qe6 Qd7 23. b3 Rg7 24. Nce4 O-O-O 25. Rxa6 Kb7 26. Rfa1 Qxe6 27. Ra7+
Kb8 28. dxe6 Rgg8 29. Rxe7 Nd5 30. Rxh7 Nxf4 31. Nf6 Nxe6 32. Nxg8 Rxg8 33. h4
Rf8 34. Rf1 Re8 35. Ne4 Rd8 36. Rf6 Nd4 37. Nxd6 Nxc2 38. Rff7 1-0

[Event "4NCL Team Rapidplay"]
[Site "Daventry"]
[Date "2013.10.05"]
[Round "5.2"]
[White "Smerdon, David"]
[Black "Cox, John"]
[Result "1/2-1/2"]
[ECO "C47"]
[WhiteElo "2523"]
[BlackElo "2387"]
[Annotator "Saunders,John"]
[PlyCount "52"]
[EventDate "2013.10.05"]
[EventType "team-swiss (rapid)"]
[EventRounds "7"]
[EventCountry "ENG"]
[WhiteTeam "Guildford"]
[BlackTeam "Barbican"]
[WhiteTeamCountry "ENG"]
[BlackTeamCountry "ENG"]
[TimeControl "900+235"]
[WhiteClock "0:01:46"]
[BlackClock "0:04:24"]

1. e4 e5 2. Nf3 Nc6 3. Nc3 Nf6 4. d4 Bb4 5. Nxe5 Qe7 6. Nxc6 Qxe4+ 7. Qe2 dxc6
8. Bd2 Bxc3 9. Bxc3 Bf5 10. O-O-O O-O-O 11. Qxe4 Nxe4 12. Be1 Rhe8 13. f3 Nf6
14. Bh4 Rd6 15. Bg3 Rd7 16. Bc4 Be6 17. Bxe6 Rxe6 18. c3 Re2 19. Rd2 Rxd2 20.
Kxd2 c5 21. Be5 cxd4 22. cxd4 Ne8 23. Kd3 Re7 24. b4 Kd7 25. b5 f6 26. Bg3 Nd6
1/2-1/2

[Event "4NCL Team Rapidplay"]
[Site "Daventry"]
[Date "2013.10.05"]
[Round "5.3"]
[White "Rogers, Jonathan"]
[Black "Hebden, Mark"]
[Result "1-0"]
[ECO "B38"]
[WhiteElo "2307"]
[BlackElo "2548"]
[PlyCount "91"]
[EventDate "2013.10.05"]
[EventType "team-swiss (rapid)"]
[EventRounds "7"]
[EventCountry "ENG"]
[WhiteTeam "Barbican"]
[BlackTeam "Guildford"]
[WhiteTeamCountry "ENG"]
[BlackTeamCountry "ENG"]
[TimeControl "900+150"]
[WhiteClock "0:06:58"]
[BlackClock "0:05:08"]

1. d4 Nf6 2. c4 g6 3. Nc3 Bg7 4. e4 d6 5. f4 O-O 6. Nf3 c5 7. Be2 cxd4 8. Nxd4
Nc6 9. Be3 Bd7 10. O-O Rc8 11. Qd2 Nxd4 12. Bxd4 Bc6 13. Bf3 e5 14. Bxa7 exf4
15. Rad1 Qa5 16. Bd4 g5 17. Nd5 Qxd2 18. Ne7+ Kh8 19. Rxd2 Rcd8 20. Nf5 Ne8 21.
Nxg7 Nxg7 22. Bf6 Rde8 23. Bxg5 f5 24. exf5 Rxf5 25. Bxc6 bxc6 26. Bxf4 Re4 27.
Bxd6 Rxf1+ 28. Kxf1 Nf5 29. Bb4 Rxc4 30. Bc3+ Kg8 31. Ke2 Kf7 32. Kd3 Rg4 33.
Rf2 Ke6 34. b3 h5 35. a4 Rg8 36. a5 Nd6 37. Rf6+ Kd5 38. Rh6 Rxg2 39. Rxh5+ Ke6
40. Re5+ Kd7 41. Re2 Rg4 42. Be5 Nb5 43. Re4 Rg2 44. a6 Rg8 45. h4 Ke6 46. Bb8+
1-0

[Event "4NCL Team Rapidplay"]
[Site "Daventry"]
[Date "2013.10.05"]
[Round "5.4"]
[White "Wall, Gavin"]
[Black "Sanders, Isaac"]
[Result "1/2-1/2"]
[ECO "B40"]
[WhiteElo "2333"]
[BlackElo "2269"]
[PlyCount "49"]
[EventDate "2013.10.05"]
[EventType "team-swiss (rapid)"]
[EventRounds "7"]
[EventCountry "ENG"]
[WhiteTeam "Guildford"]
[BlackTeam "Barbican"]
[WhiteTeamCountry "ENG"]
[BlackTeamCountry "ENG"]
[TimeControl "900+135"]
[WhiteClock "0:02:07"]
[BlackClock "0:01:00"]

1. e4 c5 2. Nf3 e6 3. c3 d5 4. e5 b6 5. d4 Qd7 6. a4 Ba6 7. Bxa6 Nxa6 8. Qe2
Nc7 9. a5 c4 10. axb6 axb6 11. Rxa8+ Nxa8 12. b3 b5 13. Qa2 Qc6 14. Qa7 Ne7 15.
Na3 Nc8 16. Qb8 Nab6 17. bxc4 dxc4 18. O-O Bxa3 19. d5 exd5 20. Nd4 Qc5 21.
Bxa3 Qxa3 22. Nxb5 Qc5 23. Nd6+ Kd7 24. Nxf7 Re8 25. Re1 1/2-1/2

[Event "4NCL Team Rapidplay"]
[Site "Daventry"]
[Date "2013.10.05"]
[Round "5.6"]
[White "Sands, David"]
[Black "Tavares, Shawn P"]
[Result "1-0"]
[ECO "E10"]
[WhiteElo "2243"]
[BlackElo "2143"]
[PlyCount "45"]
[EventDate "2013.10.05"]
[EventType "team-swiss (rapid)"]
[EventRounds "7"]
[EventCountry "ENG"]
[WhiteTeam "Barbican II"]
[BlackTeam "BCM Dragons"]
[WhiteTeamCountry "ENG"]
[BlackTeamCountry "ENG"]
[TimeControl "900+180"]
[WhiteClock "0:00:47"]
[BlackClock "0:04:43"]

1. d4 e6 2. c4 Nf6 3. Nf3 c5 4. d5 b5 5. Bf4 bxc4 6. Nc3 Qa5 7. Bd2 Qb6 8. e4
Qxb2 9. Bxc4 Be7 10. Rb1 Qa3 11. Nb5 Qa6 12. Nc7+ Kf8 13. Nxa6 Nxa6 14. dxe6
dxe6 15. Qe2 Nb4 16. O-O Bd7 17. Bf4 Bc6 18. a3 Nxe4 19. axb4 Nc3 20. Qe3 Nxb1
21. Rxb1 cxb4 22. Ne5 Bb7 23. Nxf7 1-0

[Event "4NCL Team Rapidplay"]
[Site "Daventry"]
[Date "2013.10.05"]
[Round "5.7"]
[White "Kane, Robert"]
[Black "Hodgson, John H"]
[Result "1/2-1/2"]
[ECO "D00"]
[WhiteElo "1862"]
[BlackElo "2150"]
[PlyCount "85"]
[EventDate "2013.10.05"]
[EventType "team-swiss (rapid)"]
[EventRounds "7"]
[EventCountry "ENG"]
[WhiteTeam "BCM Dragons"]
[BlackTeam "Barbican II"]
[WhiteTeamCountry "ENG"]
[BlackTeamCountry "ENG"]
[TimeControl "900+105"]
[WhiteClock "0:06:01"]
[BlackClock "0:05:01"]

1. d4 Nf6 2. Nf3 g6 3. Nc3 d5 4. Bf4 Bg7 5. e3 O-O 6. Be2 c5 7. Ne5 cxd4 8.
exd4 Nc6 9. O-O Bf5 10. Nxc6 bxc6 11. Na4 Nd7 12. c3 e5 13. dxe5 Nxe5 14. Nc5
Qe7 15. Nd3 Rfe8 16. Nxe5 Bxe5 17. Bxe5 Qxe5 18. Bf3 Be4 19. Bxe4 Qxe4 20. Re1
Qxe1+ 21. Qxe1 Rxe1+ 22. Rxe1 Rb8 23. Re2 Kf8 24. Kf1 c5 25. Ke1 Rb6 26. Kd1 a5
27. Kc2 a4 28. Re5 Rd6 29. Kd3 f6 30. Re3 Rb6 31. Kc2 Kf7 32. Rh3 h5 33. Rh4
Ra6 34. g4 hxg4 35. Rxg4 f5 36. Rh4 Kg7 37. Kd3 g5 38. Rh5 Kg6 39. Rh8 Rb6 40.
Kc2 Re6 41. Kd2 Rb6 42. Kc2 Re6 43. Kd2 1/2-1/2

[Event "4NCL Team Rapidplay"]
[Site "Daventry"]
[Date "2013.10.05"]
[Round "5.8"]
[White "Bhatia, Kanwal K"]
[Black "Mallon, Gunnar"]
[Result "1-0"]
[ECO "C08"]
[WhiteElo "2039"]
[BlackElo "1702"]
[PlyCount "121"]
[EventDate "2013.10.05"]
[EventType "team-swiss (rapid)"]
[EventRounds "7"]
[EventCountry "ENG"]
[WhiteTeam "Barbican II"]
[BlackTeam "BCM Dragons"]
[WhiteTeamCountry "ENG"]
[BlackTeamCountry "ENG"]
[TimeControl "900+160"]
[WhiteClock "0:01:23"]
[BlackClock "0:01:21"]

1. d4 d5 2. e3 e5 3. Bb5+ Bd7 4. Nd2 exd4 5. exd4 c5 6. Qe2+ Qe7 7. Bxd7+ Nxd7
8. dxc5 Qxe2+ 9. Nxe2 Bxc5 10. Nb3 Ngf6 11. Nxc5 Nxc5 12. O-O O-O 13. Be3 b6
14. Rad1 Rad8 15. Rfe1 h6 16. Nf4 Rfe8 17. Bd4 Rxe1+ 18. Rxe1 Nfe4 19. f3 Ng5
20. Re7 Nge6 21. Bxc5 Nxf4 22. Be3 Ne6 23. c3 Ra8 24. Rd7 Rd8 25. Rxa7 d4 26.
cxd4 Nxd4 27. Rb7 Nf5 28. Bxb6 Rd1+ 29. Kf2 Rd2+ 30. Kf1 Rxb2 31. Rb8+ Kh7 32.
a4 Ne3+ 33. Ke1 Nxg2+ 34. Kd1 Nf4 35. Bc7 Rxb8 36. Bxb8 Ne6 37. a5 Nd4 38. a6
Nc6 39. a7 Nxa7 40. Bxa7 Kg6 41. Ke2 Kf5 42. Ke3 g5 43. Bb8 h5 44. Bc7 Kg6 45.
Ke4 f5+ 46. Ke3 h4 47. f4 g4 48. Kf2 Kf7 49. Bd8 h3 50. Kg3 Kg6 51. Kh4 Kh6 52.
Ba5 Kg6 53. Be1 Kh6 54. Kg3 Kg6 55. Kf2 Kf6 56. Ke3 Ke6 57. Kd4 Kd6 58. Bf2 Ke6
59. Kc5 Kf6 60. Kd6 Kg6 61. Ke6 {and a few more garbled moves} 1-0